Map: Ruins of Seras

Players

wabbajack - Winner!

  • Race: Zerg Zerg
  • League: Bronze

rocksteady

  • Race: Protoss Protoss
  • League: Bronze

VOD

Have the link to the VOD?

Description

Time

  • Played on: July 16, 2015, 6:22 p.m.
  • Length: 19:24
Show
View Real Time Build Order
Export as new Build Order

wabbajack Zerg - Winner!

Build Orders: Hatch First 

Get SALT Encoding   

  12  0:04  Drone  
  13  0:13  Overlord  
  13  0:18  Drone  
  14  0:32  Drone x2  
  16  0:39  Drone  
  17  0:55  Hatchery  
  16  0:59  Drone  
  16  1:00  Drone  
  16  1:02  Extractor  
  17  1:08  Drone  
  18  1:20  Drone  
  19  1:30  Spawning Pool  
  19  1:31  Overlord  
  18  1:50  Drone  
  18  1:52  Overlord  
  19  2:12  Drone x2  
  19  2:14  Drone  
  22  2:17  Queen  
  22  2:18  Queen  
  22  2:19  Metabolic Boost  
  22  2:21  Zergling x2  
  27  2:25  Drone  
  28  2:35  Drone  
  28  2:36  Drone  
  30  2:42  Baneling Nest  
  30  2:44  Drone  
  30  3:06  Pneumatized Carapace  
  30  3:12  Zergling x4  
  32  3:13  Zergling x2  
  32  3:15  Zergling x4  
  32  3:16  Zergling x2  
  36  3:26  Spine Crawler  
  34  3:28  Spine Crawler  
  34  3:30  Roach Warren  
  31  3:56  Overlord  
  30  4:07  Baneling x2  
  30  4:13  Baneling  
  30  4:14  Baneling  
  30  4:15  Zergling x4  
  32  4:19  Zergling x4  
  32  4:20  Overlord x2  
  32  4:21  Roach x4  
  40  4:35  Drone x3, Extractor  
  42  4:49  Queen  
  42  4:50  Drone  
  42  4:51  Drone x5  
  50  5:32  Overlord x2  
  50  5:33  Drone x4  
  50  5:34  Drone x4  
  51  6:12  Overlord x2  
  51  6:22  Hatchery  
  51  6:23  Extractor  
  51  6:24  Lair  
  49  6:28  Drone x4  
  49  6:29  Evolution Chamber, Drone, Extractor  
  49  6:30  Evolution Chamber, Drone x3  
  39  7:24  Queen  
  39  7:25  Queen  
  39  7:28  Zerg Missile Weapons Level 1  
  39  7:29  Hydralisk Den, Glial Reconstitution, Zerg Ground Armor Level 1  
  42  7:31  Drone  
  42  7:32  Drone x2  
  42  7:34  Drone x3  
  42  7:35  Drone  
  42  7:36  Drone x2  
  51  7:43  Drone x2  
  54  7:59  Extractor  
  53  8:08  Spine Crawler  
  53  8:10  Spine Crawler x2  
  48  8:16  Hydralisk  
  48  8:17  Hydralisk x8  
  66  8:21  Muscular Augments  
  66  8:24  Spine Crawler, Hydralisk x2  
  66  8:25  Spore Crawler  
  68  8:28  Roach  
  70  8:35  Overlord x2  
  66  8:53  Hydralisk  
  66  8:54  Hydralisk x2, Roach x3  
  66  8:55  Roach x3  
  64  9:07  Zergling x2  
  64  9:08  Zergling x8  
  47  9:32  Queen  
  49  9:45  Lurker Den  
  49  9:46  Drone x2  
  49  9:47  Drone x3  
  49  9:51  Hatchery  
  53  10:16  Drone x3  
  53  10:18  Drone x2  
  58  10:31  Drone x2  
  58  10:33  Extractor  
  58  10:35  Zerg Missile Weapons Level 2  
  59  10:36  Extractor  
  59  10:38  Zerg Ground Armor Level 2  
  58  10:45  Burrow  
  58  10:52  Tunneling Claws  
  58  11:00  Drone x2  
  58  11:01  Drone x2  
  58  11:02  Drone  
  58  11:03  Drone  
  64  11:04  Drone  
  65  11:25  Queen  
  67  11:26  Drone x3  
  67  11:27  Drone x4  
  67  11:30  Drone  
  67  11:32  Drone  
  76  11:33  Drone  
  76  11:36  Drone  
  76  11:38  Drone  
  79  11:45  Lurker  
  79  11:46  Lurker x2  
  82  11:48  Ravager  
  82  11:49  Ravager  
  82  11:50  Ravager  
  82  11:53  Overlord x2  
  85  12:03  Overseer x2  
  85  12:11  Overlord  
  85  12:19  Spore Crawler  
  85  12:22  Spine Crawler x2  
  82  12:25  Spine Crawler  
  82  12:26  Spore Crawler, Drone x3  
  82  12:28  Drone x3, Spine Crawler  
  66  13:23  Hydralisk x2  
  66  13:24  Hydralisk x5, Roach x2  
  66  13:25  Hydralisk x5, Roach x3  
  66  13:26  Hydralisk x4, Roach x2  
  109  13:40  Overlord  
  109  13:44  Zerg Melee Weapons Level 1  
  109  13:50  Infestation Pit  
  109  13:52  Spire  
  107  13:55  Hatchery  
  106  14:08  Spore Crawler  
  106  14:09  Extractor  
  104  14:10  Extractor  
  104  14:14  Spine Crawler  
  104  14:16  Spore Crawler  
  101  14:17  Spine Crawler  
  101  14:20  Overlord  
  100  14:32  Hive  
  100  14:41  Roach  
  100  14:42  Roach x3  
  100  14:43  Roach x3  
  100  14:44  Drone x2  
  102  14:47  Roach x2  
  102  14:48  Roach x5  
  56  15:29  Hydralisk x3  
  56  15:30  Hydralisk x7, Roach x6  
  56  15:31  Roach x5  
  92  16:05  Overseer  
  74  16:29  Overseer  
  74  16:30  Mutalisk x2  
  74  16:31  Mutalisk x12  
  102  16:40  Queen  
  102  16:41  Queen  
  104  16:54  Drone x5  
  104  16:55  Drone x3  
  111  17:13  Spire  
  111  17:15  Roach Warren  
  109  17:26  Spore Crawler, Spine Crawler  
  105  17:47  Overlord x2  
  105  17:48  Overlord  
  105  17:50  Adrenal Glands  
  105  17:56  Overlord, Ultralisk Cavern  
  104  18:04  Overlord x2  
  104  18:11  Lurker  
  104  18:12  Lurker x7  
  112  18:16  Roach x4  
  112  18:19  Zergling x6  
  115  18:20  Zergling x6  
  115  18:26  Overseer x2  
Show
View Real Time Build Order
Export as new Build Order

rocksteady Protoss 

Build Orders:  

Get SALT Encoding   

  12  0:03  Probe  
  13  0:16  Pylon  
  13  0:18  Probe  
  14  0:34  Probe (Chrono Boost)  
  15  0:37  Gateway  
  15  0:46  Probe (Chrono Boost)  
  16  0:51  Assimilator  
  16  0:53  Probe (Chrono Boost)  
  17  0:59  Pylon  
  17  1:03  Probe  
  18  1:17  Probe (Chrono Boost)  
  19  1:25  Cybernetics Core  
  20  1:27  Probe (Chrono Boost)  
  20  1:30  Zealot  
  22  2:00  Nexus  
  22  2:07  Warp Gate (Chrono Boost)  
  22  2:16  Probe (Chrono Boost)  
  22  2:19  Assimilator  
  23  2:25  Pylon  
  23  2:27  Mothership Core (Chrono Boost)  
  23  2:29  Pylon  
  25  2:38  Adept (Chrono Boost)  
  25  2:42  Probe  
  28  3:01  Adept  
  30  3:11  Pylon  
  30  3:15  Probe (Chrono Boost)  
  30  3:19  Forge  
  31  3:23  Gateway  
  31  3:25  Probe (Chrono Boost)  
  32  3:45  Gateway  
  32  3:47  Probe (Chrono Boost)  
  33  3:50  Probe (Chrono Boost)  
  34  3:58  Probe (Chrono Boost)  
  34  3:59  Probe (Chrono Boost)  
  35  4:04  Probe (Chrono Boost), Protoss Ground Weapons Level 1  
  35  4:08  Robotics Facility  
  36  4:15  Probe  
  37  4:47  Stargate  
  37  4:50  Pylon  
  37  4:55  Observer, Pylon  
  37  4:57  Pylon  
  37  4:58  Photon Cannon  
  38  5:02  Sentry x2  
  42  5:12  Pylon  
  42  5:13  Probe (Chrono Boost)  
  43  5:17  Assimilator  
  45  5:22  Probe (Chrono Boost), Assimilator  
  45  5:23  Probe (Chrono Boost)  
  45  5:25  Pylon  
  45  5:30  Probe  
  45  5:32  Probe  
  46  5:41  Stalker  
  46  5:42  Stalker x2  
  51  5:44  Probe  
  51  6:03  Phoenix (Chrono Boost)  
  51  6:21  Probe (Chrono Boost)  
  53  6:29  Probe (Chrono Boost)  
  53  6:30  Probe (Chrono Boost)  
  54  6:33  Zealot x3  
  54  6:35  Probe  
  61  6:54  Immortal (Chrono Boost)  
  63  6:57  Stalker, Zealot  
  63  7:00  Sentry  
  65  7:17  Void Ray (Chrono Boost)  
  65  7:24  Stalker x2  
  69  7:40  Stalker  
  71  8:05  Void Ray  
  75  8:14  Twilight Council  
  75  8:30  Stalker x3  
  75  8:34  Warp Prism  
  71  8:58  Stalker  
  71  8:59  Stalker x2  
  75  9:14  Protoss Ground Weapons Level 2 (Chrono Boost)  
  75  9:22  Nexus  
  71  9:24  Pylon  
  71  9:27  Pylon  
  55  9:33  Sentry x2  
  55  9:37  Blink (Chrono Boost)  
  55  9:47  Stalker  
  55  9:49  Immortal (Chrono Boost)  
  61  9:56  Gateway  
  61  10:05  Stalker  
  61  10:06  Stalker  
  65  10:14  Photon Cannon  
  65  10:18  Dark Shrine  
  65  10:30  Stalker x2  
  69  10:44  Phoenix  
  71  10:50  Probe (Chrono Boost)  
  72  10:59  Stalker  
  72  11:00  Probe (Chrono Boost)  
  75  11:06  Probe (Chrono Boost)  
  75  11:10  Probe x2 (Chrono Boost)  
  78  11:17  Probe (Chrono Boost)  
  78  11:18  Probe (Chrono Boost), Assimilator  
  81  11:19  Probe (Chrono Boost)  
  81  11:22  Assimilator  
  81  11:24  Probe x2 (Chrono Boost)  
  81  11:25  Pylon  
  83  11:34  Protoss Ground Weapons Level 3 (Chrono Boost)  
  83  11:36  Probe (Chrono Boost)  
  84  11:45  Zealot  
  86  11:56  Gateway  
  86  11:58  Gateway  
  86  12:00  Probe (Chrono Boost), Pylon  
  87  12:10  Probe (Chrono Boost), Pylon  
  87  12:14  Stalker  
  90  12:15  Stalker  
  90  12:17  Stalker, Probe (Chrono Boost)  
  95  12:25  Pylon  
  93  12:47  Stalker x3  
  99  12:52  Observer (Chrono Boost)  
  92  13:35  Sentry  
  92  13:36  Stalker x3  
  92  13:39  Charge (Chrono Boost)  
  100  13:42  Nexus  
  100  13:44  Immortal  
  104  13:54  Fleet Beacon  
  104  13:58  Stargate  
  104  14:02  Gateway  
  104  14:06  Gateway  
  104  14:07  Protoss Ground Armor Level 1 (Chrono Boost)  
  104  14:08  Gateway, Pylon  
  104  14:10  Gateway  
  104  14:12  Pylon  
  104  14:14  Pylon  
  104  14:18  Pylon  
  104  14:22  Sentry x5  
  114  14:48  Dark Templar x4  
  114  14:49  Dark Templar  
  94  15:27  Zealot x3  
  94  15:28  Zealot x2  
  104  15:44  Zealot x3  
  104  15:45  Zealot  
  112  15:55  Dark Templar x3  
  89  16:25  Stalker x3  
  84  16:26  Zealot x3  
  90  16:52  Sentry x2  
  94  16:58  Warp Prism  
  94  17:01  Photon Cannon  
  94  17:03  Photon Cannon  
  94  17:05  Photon Cannon  
  92  17:09  Photon Cannon  
  92  17:10  Photon Cannon  
  92  17:13  Dark Templar  
  94  17:16  Dark Templar  
  96  17:25  Templar Archives  
  92  17:30  Stalker x2  
  92  17:31  Stalker x4  
  104  17:42  Assimilator  
  104  17:47  Assimilator  
  104  17:51  Pylon  
  104  17:55  Nexus  
  104  18:00  Dark Templar  
  106  18:19  Zealot x2  
  110  18:20  Zealot x4  
  110  19:03  Stalker x2  
  110  19:04  Stalker x4  
  122  19:13  Stalker  
Tags
 
Add a new tag
Caveats
  • Supply blocks, unpowered buildings, or Contaminate may cause inaccurate times.
  • Supply counts are checked every 10 seconds.